AoeStats
← Kanto

African Clearing

510594436Analyzed
4v4 RM · 11h ago on Oct 1, 2026· 37m 38s· 8 players
Game mode
Random Map
Map size
Large (8 player)
Population
200
Speed
Normal
Resources
Standard
Victory
Conquest
Starting age
Dark Age
Ending age
Imperial Age
RankedLock teamsTeams togetherTeam positionsShared explorationLock speedFull tech treeHidden civsTurbo modeCheats
Victory
Defeat
🇸🇦 Mongols · Saudi Arabia
1122
+9
🇦🇷 Persians · Argentina
975
+15
🇩🇪 Franks · Germany
966
+15
🇺🇸 Burgundians · United States
949
+16
🇹🇼 Magyars · Taiwan
1016
-16
🇮🇳 Turks · India
950
-14
🇲🇽 Saxons · Mexico
939
-13
🇮🇳 Sicilians · India
916
-33
Owen Knight
17:15 Feudal Age
19:02 Gold Mining
18:59 Double-Bit Axe
22:29 Castle Age
27:16 Imperial Age
Kanto
4:22 Loom
15:14 Feudal Age
18:27 Town Watch
jerry80tim
14:48 Feudal Age
15:20 Loom
19:23 Wheelbarrow
19:27 Bloodlines
LeonGamer7u7
2:59 Loom
21:02 Feudal Age
lady_schmady
7:12 Loom
13:03 Double-Bit Axe
17:10 Feudal Age
16:58 Horse Collar
24:02 Castle Age
22:55 Bow Saw
25:52 Cavalier
27:08 Forging
31:31 Scale Barding Armor
32:22 Iron Casting
33:41 Chain Barding Armor
35:25 Husbandry
36:37 Wheelbarrow
BLONDYN
3:35 Loom
4:34 Loom
13:35 Feudal Age
14:56 Double-Bit Axe
18:34 Wheelbarrow
21:38 Stone Mining
21:38 Gold Mining
23:48 Town Watch
32:12 Arson
Nightwraith
3:12 Loom
13:20 Feudal Age
17:18 Castle Age
15:14 Double-Bit Axe
16:51 Gold Mining
18:25 Forging
24:40 Iron Casting
24:57 Stone Mining
27:17 Wheelbarrow
29:11 Hand Cart
32:17 Fletching
34:08 Bodkin Arrow
34:47 Bloodlines
35:18 Padded Archer Armor
37:40 Ballistics
elfacusf
7:30 Loom
13:51 Feudal Age
19:59 Castle Age
17:58 Fletching
23:15 Bodkin Arrow
23:22 Padded Archer Armor
25:03 Wheelbarrow
24:16 Double-Bit Axe
25:21 Leather Archer Armor
26:09 Horse Collar
27:03 Heavy Plow
27:31 Bow Saw
29:39 Hand Cart
32:20 Kamandaran
34:04 Crossbowman
36:50 Thumb Ring
Connection lost

Rejoining the realm…

Still unreachable

The connection could not be restored.

Session expired

The server has moved on; the page needs a fresh start.